 Dungeon Crawl Stone Soup version 0.27-a0-1193-g8631133539 (webtiles) character file.

Game seed: 18342236001891989155

136 robertstho the Chopper (level 4, -12/40 HPs)
             Began as a Draconian Berserker on May 26, 2021.
             Was a Believer of Trog.
             Mangled by Menkaure (19 damage)
             ... on level 4 of the Dungeon.
             The game lasted 00:02:41 (2771 turns).

robertstho the Chopper (Draconian Berserker)        Turns: 2771, Time: 00:02:41

Health: -12/40     AC:  6    Str: 21    XL:     4   Next: 98%
Magic:  4/4        EV: 12    Int:  7    God:    Trog [**....]
Gold:   132        SH:  4    Dex: 10    Spells: 3/3 levels left

rFire    . . .     SeeInvis .   a - +1 hand axe
rCold    . . .     Faith    .   g - +1 buckler
rNeg     . . .     Spirit   .   (armour unavailable)
rPois    .         Reflect  .   (helmet restricted)
rElec    .         Harm     .   c - +0 cloak
rCorr    .         Rampage  .   (no gloves)
Will     .....                  (no boots)
Stlth    +.........             (no amulet)
HPRegen  0.13/turn              (no ring)
MPRegen  0.09/turn              (no ring)

@: no status effects
A: AC +5, unfitting armour, cold-blooded
a: Renounce Religion, Berserk, Trog's Hand


You were on level 4 of the Dungeon.
You worshipped Trog.
Trog was pleased with you.
You visited 1 branch of the dungeon, and saw 4 of its levels.

You collected 132 gold pieces.

Inventory:

Hand Weapons
 a - a +1 hand axe (weapon)
Armour
 c - a +0 cloak (worn)
 g - a +1 buckler (worn)
Jewellery
 j - a ring of poison resistance
Scrolls
 b - a scroll of amnesia {unknown}
 d - 2 scrolls of identify {unknown}
 e - a scroll of enchant armour
 f - a scroll of teleportation
 i - a scroll of noise {unknown}
Potions
 h - a potion of flight {unknown}


   Skills:
 * Level 4.1 Fighting
 + Level 4.2 Axes
 * Level 3.7 Dodging
 + Level 0.2 Stealth
 + Level 0.3 Shields


You had 3 spell levels left.
You didn't know any spells.
Your spell library was empty.

Dungeon Overview and Level Annotations

Branches:
Dungeon (4/15)
 Temple: D:4-7

Altars:
Elyvilon
Gozag

Annotations:
D:4 Menkaure


Innate Abilities, Weirdness & Mutations

Your plain brown scales are hard. (AC +5)
You cannot fit into any form of body armour.
You are cold-blooded and may be slowed by cold attacks.


Message History

You hear some strange, mumbled words.
A magic dart appears from out of thin air!
The magic dart hits you.
Menkaure mumbles some strange words.
Menkaure seems to speed up.
Something hits you but does no damage.
You're too confused to move!
You feel less confused. Something hits you.
You barely miss something.
You hear some strange, mumbled words.
Menkaure's bandages flutter.
You hear some strange, mumbled words.
Something tries to affect you, but you resist.
The orc throws a boomerang.
The boomerang hits you but does no damage.
You closely miss something. You tail-slap something. Something hits you.
You closely miss something.
Your tail-slap misses something.
You hear some strange, mumbled words.
You are confused.
You miss something. Something hits you.
The orc throws a boomerang.
You're too confused to move!
Something hits you.
The orc throws a boomerang.
The boomerang barely misses you.
A magic dart appears from out of thin air!
The magic dart hits you.
The orc throws a boomerang.
The boomerang hits you.
* * * LOW HITPOINT WARNING * * *
You bump into the rock wall.
Menkaure calls on the powers of darkness!
Something is bathed in an unholy light!
The giant cockroach convulses!
Something is bathed in an unholy light!
Your body is wracked with pain!
* * * LOW HITPOINT WARNING * * *
The orc convulses!
A magic dart appears from out of thin air!
The magic dart hits something!
Reactivating autopickup.
You feel a bit more experienced.
The orc throws a boomerang.
The boomerang barely misses you.
You feel less confused. Menkaure hits you but does no damage.
Menkaure hits you!!
You die...

....# ...(# ....# ###
....# #.. # [...# #.#
#.## ....# #.# ....
....#####.#########o.#.##
.................Mo{....>
#########.######@##o.#.#.
#### #.# #.# .# ...# #.#
#.# # ...######.# #.#
..........# #.#
..######### #.# ........
... ######## #.#


You could see Menkaure (fast) and 2 orcs.

Vanquished Creatures
  An orc priest (D:4)
  2 adders
  2 worms
  2 dart slugs
  3 orcs
  13 endoplasms
  A giant cockroach (D:3)
  5 goblins
  8 hobgoblins
  3 jackals (D:2)
  6 kobolds
  2 quokkas (D:2)
  5 ball pythons
  6 bats
  4 frilled lizards
  6 rats
69 creatures vanquished.

Vanquished Creatures (others)
  An orc wizard (D:4)
1 creature vanquished.

Grand Total: 70 creatures vanquished

Notes
Turn   | Place    | Note
-------+----------+-------------------------------------------
     0 | D:1      | robertstho the Draconian Berserker began the quest for the
                  | Orb.
     0 | D:1      | Reached XP level 1. HP: 19/19 MP: 1/1
    75 | D:1      | Found an opulent altar of Gozag.
   296 | D:1      | Reached XP level 2. HP: 26/26 MP: 2/2
   848 | D:2      | Reached XP level 3. HP: 31/31 MP: 3/3
  1216 | D:2      | Reached ** piety under Trog
  1920 | D:3      | Found a faded altar of an unknown god.
  1946 | D:3      | Reached XP level 4. HP: 38/40 MP: 4/4
  2063 | D:3      | Found a white marble altar of Elyvilon.
  2749 | D:4      | Noticed Menkaure
  2771 | D:4      | Mangled by Menkaure

Illustrated notes

Levels and vault maps discovered:
D:1:      lightli_arrival_noodles, layout_basic, minmay_hexomino_r4
D:2:      layout_basic, minivault_26
D:3:      layout_basic, elyvilon_altar_4, basic_ecumenical_altar
D:4:      layout_basic, grunt_ministairs_3, uniq_menkaure

Skill      XL: |  1  2  3  4 |
---------------+-------------+-----
Dodging        | 3 |  3.7
Fighting       | 4 |  4.1
Axes           | 4 |  4.2
Stealth        | |  0.2
Shields        | |  0.3

Action                   |  1- 3 |  4- 6 || total
-------------------------+-------+-------++-------
Melee: Hand axe          |   107 |    79 ||   186
       Tailslap          |    10 |    11 ||    21
Invok: Berserk           |     1 |     1 ||     2
       Trog's Hand       |       |     1 ||     1
  Use: Scroll            |     5 |       ||     5
Armor: Skin              |    38 |    31 ||    69
Dodge: Dodged            |    51 |    41 ||    92
Block: Buckler           |    12 |    12 ||    24

Table legend: (Time is in decaauts)
 A = Elapsed time spent in this place.
 B = Non-inter-level travel time spent in this place.
 C = Inter-level travel time spent in this place.
 D = Time resting spent in this place.
 E = Time spent auto-exploring this place.
 F = Levels seen in this place.
 G = Mean time per level.
                   A        B        C        D        E       F      G
               +--------+--------+--------+--------+--------+-----+--------+
         Total |   2823 |   2726 |     97 |     78 |   2162 |   4 |  705.8 |
       Dungeon |   2823 |   2726 |     97 |     78 |   2162 |   4 |  705.8 |
               +--------+--------+--------+--------+--------+-----+--------+

Top non-repeatable levels by time:
     D:2: 1059 daAuts
     D:1: 885 daAuts
     D:3: 685 daAuts
     D:4: 193 daAuts
